 Dungeon Crawl Stone Soup version 0.30-a0-1018-g25214051b3 (webtiles) character file.

Game seed: 16529355989777578630

52528 BlueFish the Covert (level 14, -8/93 HPs)
             Began as an Octopode Warper on Apr 7, 2023.
             Was the Champion of Cheibriados.
             Constricted to death by Jorgrun (10 damage)
             ... on level 2 of the Orcish Mines.
             The game lasted 01:13:39 (25991 turns).

BlueFish the Covert (Octopode Warper)              Turns: 25991, Time: 01:13:40

Health: -8/93      AC:  7    Str: 32    XL:     14   Next: 64%
Magic:  17/24      EV: 29    Int: 39    God:    Cheibriados [******]
Gold:   1742       SH:  0    Dex: 32    Spells: 2/27 levels left

rFire   + + +      SeeInvis +      - Unarmed
rCold   x . .      Faith    .    F - melded +3 buckler of a Labyrinth {rN+}
rNeg    . . .      Spirit   .    U - +2 hat
rPois   +          Reflect  .    (no amulet)
rElec   +          Rampage  .    p - ring of see invisible
rCorr   .                        t - +5 ring of evasion
Will    +++..                    v - +4 ring of protection
Stlth   ++++++++                 A - ring of poison resistance
HPRegen 0.35/turn                T - ring of protection from cold
MPRegen 0.19/turn                q - ring of Larph {rElec rPois rC- Int+6 Dex+5 Stlth+}
                                 i - ring of the Commoners {Fire rElec Will+ Str+2}
                                 P - ring of Hesk {rF++ Will+ EV+5 Int+3}

@: blade tentacles, grasped by roots, constricted, very slow
A: almost no armour, amphibious, 8 rings, camouflage 1, gelatinous body 1,
(nimble swimmer 1), tentacles
a: End Transformation, Renounce Religion, Bend Time, Temporal Distortion,
Slouch, Step From Time


You were on level 2 of the Orcish Mines.
You worshipped Cheibriados.
Cheibriados was exalted by your worship.
You had blades for main tentacles.
You visited 4 branches of the dungeon, and saw 19 of its levels.

You collected 1742 gold pieces.

Inventory:

Hand Weapons
 B - a +4 scimitar of flaming
Missiles
 b - 10 boomerangs of dispersal
 g - 47 stones (quivered)
 s - 4 atropa-tipped darts
 y - 28 poisoned darts
 H - 6 boomerangs
 K - a curare-tipped dart
 M - a throwing net
 Q - 3 javelins
Armour
 F - the +3 buckler of a Labyrinth (melded) {rN+}
   (You acquired it on level 8 of the Dungeon)

   rN:        It protects you from negative energy.
 N - a +2 tower shield of cold resistance
 U - a +2 hat (worn)
Jewellery
 i - the ring of the Commoners (on tentacle) {Fire rElec Will+ Str+2}
   (You took it off a centaur warrior on level 9 of the Dungeon)

   [ring of fire]

   It enhances your fire magic.
   Str:       It affects your strength (+2).
   rF:        It protects you from fire.
   rC:        It makes you vulnerable to cold.
   rElec:     It insulates you from electricity.
   Will:      It increases your willpower.
 p - a ring of see invisible (left blade tentacle)
 q - the ring of Larph (on tentacle) {rElec rPois rC- Int+6 Dex+5 Stlth+}
   (You acquired it on level 8 of the Dungeon)

   [ring of intelligence]

   Int:       It affects your intelligence (+6).
   Dex:       It affects your dexterity (+5).
   rC:        It makes you vulnerable to cold.
   rElec:     It insulates you from electricity.
   rPois:     It protects you from poison.
   Stlth:     It makes you more stealthy.
 t - a +5 ring of evasion (right blade tentacle)
 v - a +4 ring of protection (on tentacle)
 A - a ring of poison resistance (on tentacle)
 I - a ring of positive energy
 P - the ring of Hesk (on tentacle) {rF++ Will+ EV+5 Int+3}
   (You found it on level 11 of the Dungeon)

   [ring of evasion]

   EV:        It affects your evasion (+5).
   Int:       It affects your intelligence (+3).
   rF:        It greatly protects you from fire.
   Will:      It increases your willpower.
 T - a ring of protection from cold (on tentacle)
Wands
 h - a wand of charming (3)
 u - a wand of flame (39)
 E - a wand of mindburst (27)
 S - a wand of roots (5)
Scrolls
 a - 3 scrolls of blinking
 c - 5 scrolls of vulnerability
 d - 2 scrolls of silence
 f - a scroll of enchant armour
 l - 3 scrolls of fog
 m - 4 scrolls of magic mapping
 w - a scroll of amnesia
 x - 2 scrolls of poison
 G - 5 scrolls of enchant weapon
 J - 2 scrolls of fear
 L - 2 scrolls of teleportation
 V - 2 scrolls of identify
 X - a scroll of immolation
Potions
 e - 3 potions of berserk rage
 j - 3 potions of invisibility
 k - 3 potions of ambrosia
 n - a potion of magic
 o - 2 potions of mutation
 r - 8 potions of curing
 z - 3 potions of might
 C - 2 potions of cancellation
 D - 2 potions of brilliance
 O - 2 potions of heal wounds
 R - 4 potions of attraction
 W - a potion of lignification


   Skills:
 + Level 7.7 Fighting
 + Level 7.4 Throwing
 + Level 7.8 Dodging
 + Level 13.5 Stealth
 + Level 6.7 Shields
 + Level 7.9 Unarmed Combat
 + Level 7.2 Spellcasting
 + Level 8.1 Translocations
 + Level 7.0 Transmutations
 * Level 4.5 Poison Magic
 + Level 8.3 Invocations
 + Level 8.5 Evocations


You had 2 spell levels left.
You knew the following spells:

 Your Spells              Type           Power      Damage    Failure   Level
a - Blink                 Tloc           100%       N/A       8%          2
b - Lesser Beckoning      Tloc           100%       N/A       8%          2
c - Teleport Other        Tloc           67%        N/A       10%         3
d - Vhi's Electric Charg  Tloc/Air       92%        N/A       17%         3
e - Manifold Assault      Tloc           67%        N/A       14%         4
f - Passwall              Tmut/Erth      34%        N/A       14%         2
g - Blade Hands           Tmut           31%        N/A       28%         5
h - Olgreb's Toxic Radia  Pois           49%        N/A       28%         4

Your spell library contained the following spells:

 Spells                   Type           Power      Damage    Failure   Level
 Apportation              Tloc           100%       N/A       7%          1
 Necrotise                Necr           56%        1d6       24%         1
 Summon Small Mammal      Summ           56%        N/A       24%         1
 Gell's Gravitas          Tloc           67%        N/A       10%         3
 Alistair's Intoxication  Tmut/Pois      37%        N/A       36%         5
 Call Canine Familiar     Summ           14%        N/A       41%         3
 Dazzling Flash           Conj/Hex       28%        N/A       41%         3
 Frozen Ramparts          Ice            28%        1d5       41%         3
 Summon Guardian Golem    Hex/Summ       14%        N/A       41%         3
 Vampiric Draining        Necr           14%        2d7       41%         3
 Summon Forest            Summ/Tloc      23%        N/A       52%         5
 Dispersal                Tloc           33%        N/A       54%         6
 Irradiate                Conj/Tmut      20%        3d18      56%         5
 Summon Ice Beast         Ice/Summ       14%        N/A       69%         4
 Summon Lightning Spire   Summ/Air       14%        N/A       69%         4
 Agony                    Necr           14%        N/A       90%         5
 Freezing Cloud           Conj/Ice/Air   7%         6-21      90%         5
 Silence                  Hex/Air        7%         N/A       90%         5
 Dragon Form              Tmut           31%        N/A       97%         7
 Discord                  Hex            7%         N/A       100%        8
 Ignition                 Fire           10%        3d5       100%        8
 Infestation              Necr           7%         N/A       100%        8
 Lehudib's Crystal Spear  Conj/Erth      7%         10d3      100%        8
 Dragon's Call            Summ           7%         N/A       100%        9
 Animate Armour           Summ/Erth      Unusable   N/A       N/A         4

Dungeon Overview and Level Annotations

Branches:
Dungeon (11/15)            Temple (1/1) D:5            Lair (5/5) D:10
 Shoals (0/4) Lair:2        Snake (0/4) Lair:2        Slime (0/5) Lair:5
    Orc (2/2) D:10
    Elf: Orc:2

Altars:
Ashenzari
Cheibriados
Dithmenos
Elyvilon
Fedhas
Gozag
Hepliaklqana
Kikubaaqudgha
Makhleb
Nemelex Xobeh
Okawaru
Qazlal
Ru
Sif Muna
Trog
Uskayaw
Vehumet
Wu Jian
Xom
Yredelemnul
Zin
The Shining One
Jiyva

Shops:
Orc:1 :

Annotations:
D:5 Pikel
D:11 Snorg
Lair:1 exclusion: 4 oklob plants
Lair:3 exclusion: hydra
Orc:2 Jorgrun


Innate Abilities, Weirdness & Mutations

You have blades for main tentacles.
Your spellcasting is less reliable in this form.
You are incapable of wielding weapons or throwing items.
You cannot wear most types of armour.
You are amphibious.
You can wear up to eight rings at the same time.
Your skin changes colour to match your surroundings (Stealth+).
Your rubbery body absorbs attacks. (AC +1, EV +1)
((You are camouflaged when in or above water. (Stealth+)))
You have tentacles for arms and can constrict up to eight enemies at once.


Message History

Jorgrun points next to you and mumbles some strange words.
The wall shatters!
The blast of rock fragments hits you!
You hear a shout!
You shred the orc warrior!!!
You kill the orc warrior!
Cheibriados appreciates the change of pace.
You slice the orc!!
You kill the orc!
Cheibriados thoroughly appreciates the change of pace.
Jorgrun points next to you and mumbles some strange words.
The wall shatters!
The blast of rock fragments hits you!!
You hear a shout! x2
You shred the orc!!!
You kill the orc!
Cheibriados thoroughly appreciates the change of pace.
Casting: Blade Hands (dangerous; 28% risk of failure)
Confirm with . or Enter, or press ? or * to list all spells.
Aiming: Lesser Beckoning (safe; 8% risk of failure)
Press: ? - help, Shift-Dir - straight line, f - Jorgrun
Aim: Jorgrun, wielding a +0 heavy quarterstaff and wearing a +0 robe of willpower (100% to hit)
Jorgrun hurls suddenly forward!
Jorgrun completely misses you.
You hit Jorgrun. You grab Jorgrun.
Jorgrun is lightly wounded.
You constrict Jorgrun.
Jorgrun points at you and mumbles some strange words.
Roots burst forth from the earth!
The grasping roots grab you! The grasping roots constrict you!
You slice Jorgrun!!
Jorgrun is moderately wounded.
You constrict Jorgrun. The orc barely misses you.
You slice Jorgrun!!
Jorgrun is heavily wounded.
You constrict Jorgrun. Jorgrun casts a spell at you. The iron shot hits you!!!
Ouch! That really hurt!
* * * LOW HITPOINT WARNING * * *
The grasping roots constrict you!
You die...

## ###########
##.. ##.#..#....#
.#....#...........
.......@..........
......$go.<.......
.....#............
.......$..........
..$...............
..$...............
..................
.................
...............


You could see Jorgrun and an orc.

Vanquished Creatures
  Gastronok (Lair:3)
  Harold (D:9)
  4 hydras
  3 catoblepae (Lair:5)
  Erica (D:9)
  A boulder beetle (Lair:4)
  A two-headed ogre (D:10)
  2 centaur warriors (D:9)
  12 death yaks
  An orc high priest (Orc:2)
  5 skysharks
  A deep elf pyromancer (D:10)
  2 harpies (Lair:2)
  3 manticores
  2 cyclopes (D:9)
  3 elephants (Lair:4)
  3 black mambas
  6 rime drakes
  10 cane toads
  8 komodo dragons
  An efreet (D:9)
  An unseen horror (D:10)
  Maggie (D:6)
  A tengu conjurer (D:9)
  4 trolls
  A hornet (D:9)
  7 polar bears
  4 blink frogs (Lair:2)
  A shadow (D:9)
  28 yaks
  3 wraiths (D:9)
  5 wyverns
  2 basilisks
  2 steam dragons (D:9)
  2 wargs (Orc:1)
  Menkaure (D:5)
  2 nagas (Lair:2)
  2 acid dragons (D:9)
  21 water moccasins
  A floating eye (Lair:1)
  2 ice beasts
  A sky beast (D:8)
  8 black bears
  22 orc warriors
  2 ogres
  3 centaurs
  15 wolves
  4 lemures (D:5)
  3 phantoms
  3 kobold brigands
  11 bullfrogs
  A gnoll sergeant (D:6)
  3 scorpions
  14 wights
  8 killer bees
  9 electric eels
  2 howler monkeys (D:8)
  3 jellies
  10 orc priests
  2 gnoll boudas
  2 hounds
  2 sleepcaps
  Terence (D:3)
  2 iguanas (D:5)
  11 orc wizards
  Natasha (thrice) (D:3)
  11 gnolls
  23 adders
  A shadow imp (D:6)
  4 white imps
  4 worms
  A dart slug (D:4)
  44 orcs
  7 ball pythons
  4 bats
  4 endoplasms
  3 giant cockroaches
  3 goblins
  8 hobgoblins
  2 jackals (D:4)
  23 kobolds
  3 quokkas
  4 frilled lizards
  8 rats
464 creatures vanquished.

Vanquished Creatures (others)
  34 fungi
  58 plants
92 creatures vanquished.

Grand Total: 556 creatures vanquished

Notes
Turn   | Place    | Note
-------+----------+-------------------------------------------
     0 | D:1      | BlueFish the Octopode Warper began the quest for the Orb.
     0 | D:1      | Reached XP level 1. HP: 14/14 MP: 3/3
    88 | D:1      | Found a faded altar of an unknown god.
   108 | D:1      | Reached skill level 1 in Stealth
   127 | D:1      | Reached XP level 2. HP: 19/19 MP: 5/5
   185 | D:1      | Learned a level 2 spell: Blink
   188 | D:1      | Learned a level 2 spell: Lesser Beckoning
   911 | D:2      | Found an ancient bone altar of Kikubaaqudgha.
   974 | D:2      | Reached skill level 2 in Stealth
   974 | D:2      | Reached XP level 3. HP: 9/24 MP: 6/6
  1728 | D:2      | Reached XP level 4. HP: 25/29 MP: 7/7
  1813 | D:2      | Learned a level 3 spell: Teleport Other
  1863 | D:3      | Found a blossoming altar of Fedhas.
  2037 | D:3      | Noticed Natasha
  2048 | D:3      | Killed Natasha
  2049 | D:3      | Reached skill level 3 in Stealth
  2157 | D:3      | Noticed Terence
  2178 | D:3      | Killed Terence
  2179 | D:3      | Reached XP level 5. HP: 31/35 MP: 8/8
  2231 | D:3      | Noticed Natasha
  2252 | D:3      | Killed Natasha
  2538 | D:3      | Noticed Natasha
  2549 | D:3      | Killed Natasha
  2762 | D:4      | Reached skill level 4 in Stealth
  2762 | D:4      | Reached XP level 6. HP: 3/41 MP: 8/10
  3690 | D:5      | Entered Level 5 of the Dungeon
  3719 | D:5      | Found a staircase to the Ecumenical Temple.
  3751 | D:5      | Reached skill level 5 in Stealth
  3751 | D:5      | Reached XP level 7. HP: 42/46 MP: 11/11
  3834 | D:5      | Noticed Pikel
  4418 | D:5      | Noticed a wyvern
  4462 | Temple   | Entered the Ecumenical Temple
  4688 | Temple   | Became a worshipper of Cheibriados the Contemplative
  4993 | D:5      | Found a sacrificial altar of Ru.
  5013 | D:5      | Found a burning altar of Makhleb.
  5136 | D:5      | Found an iron altar of Okawaru.
  5147 | D:5      | Found a glowing silver altar of Zin.
  5154 | D:5      | Found a radiant altar of Vehumet.
  5159 | D:5      | Found a white marble altar of Elyvilon.
  5183 | D:5      | Found a bloodstained altar of Trog.
  5278 | D:5      | Noticed Menkaure
  5661 | D:6      | Reached skill level 1 in Invocations
  5661 | D:6      | Reached skill level 1 in Evocations
  5873 | D:6      | Reached skill level 6 in Stealth
  5873 | D:6      | Reached XP level 8. HP: 37/52 MP: 12/12
  6220 | D:6      | Noticed Maggie
  6355 | D:6      | Reached * piety under Cheibriados
  6856 | D:7      | Reached skill level 7 in Stealth
  6904 | D:7      | Got the Directory of Bodies
  7182 | D:8      | Identified 2 scrolls of acquirement
  7182 | D:8      | Acquired the +3 buckler of a Labyrinth {rN+}
  7216 | D:8      | Reached XP level 9. HP: 52/58 MP: 11/14
  7404 | D:8      | Reached ** piety under Cheibriados
  7529 | D:8      | Reached skill level 1 in Shields
  7909 | D:8      | Acquired the ring of Larph {rElec rPois rC- Int+6 Dex+5
                  | Stlth+}
  7985 | D:8      | Reached skill level 8 in Stealth
  8324 | D:8      | You fall into a shaft and drop 3 floors!
  8324 | D:11     | Found a radiant altar of Vehumet.
  8441 | D:11     | Noticed Snorg
  8517 | D:10     | Entered Level 10 of the Dungeon
  8524 | D:10     | Noticed a troll
  8544 | D:10     | Noticed a two-headed ogre
  8547 | D:10     | Noticed a gargoyle
  8682 | D:10     | Reached skill level 5 in Translocations
  8855 | D:10     | Noticed an unseen horror
  8893 | D:10     | Found a staircase to the Lair.
  8912 | D:9      | Noticed a centaur warrior
  9256 | D:9      | Learned a level 3 spell: Vhi's Electric Charge
  9282 | D:8      | Got Mabbecs's Folio of the Lithosphere
  9300 | D:8      | Reached XP level 10. HP: 40/65 MP: 14/16
  9611 | D:8      | Reached *** piety under Cheibriados
  9612 | D:8      | Reached skill level 5 in Evocations
  9842 | D:7      | Reached skill level 5 in Dodging
  9842 | D:7      | Reached skill level 5 in Invocations
  9908 | D:8      | Reached skill level 9 in Stealth
 10297 | D:5      | Killed Menkaure
 10310 | D:5      | Reached skill level 5 in Unarmed Combat
 10587 | D:6      | Killed Maggie
 10816 | D:9      | Identified the ring of the Commoners {Fire rElec Will+
                  | Str+2}
 10830 | D:9      | Killed a centaur warrior
 10831 | D:9      | Reached skill level 5 in Fighting
 10924 | D:9      | Identified the +2 flail of Conscience {freeze, rPois Int+7
                  | Dex-4 SInv}
 11061 | D:9      | Noticed Erica
 11089 | D:9      | HP: 3/66 [poisoned by Erica (bolt of poison)]
 11397 | D:9      | Reached skill level 10 in Stealth
 11402 | D:9      | Learned a level 4 spell: Manifold Assault
 11428 | D:9      | Noticed a seven-headed hydra
 11429 | D:9      | Noticed a centaur warrior
 11431 | D:9      | Noticed a cyclops
 11510 | D:9      | Found a hazy altar of Hepliaklqana.
 11563 | D:9      | Reached skill level 5 in Spellcasting
 11563 | D:9      | Reached XP level 11. HP: 71/71 MP: 18/18
 11566 | D:9      | Learned a level 2 spell: Passwall
 11926 | D:9      | Reached skill level 5 in Throwing
 12116 | D:9      | Noticed Harold
 12283 | D:9      | Killed Erica
 12368 | D:9      | Reached **** piety under Cheibriados
 12369 | D:9      | Reached skill level 1 in Transmutations
 12547 | D:9      | Killed a cyclops
 12641 | D:9      | Noticed a cyclops
 12659 | D:9      | Killed a cyclops
 12845 | D:9      | Killed a two-headed hydra
 13156 | D:9      | Reached skill level 11 in Stealth
 13502 | D:9      | Killed a centaur warrior
 13596 | D:9      | Killed Harold
 13988 | D:10     | Noticed a manticore
 14331 | D:10     | Noticed a deep elf pyromancer
 14356 | D:10     | Reached XP level 12. HP: 12/78 MP: 20/20
 14593 | D:10     | Got the Octavo of the Frigorific Gang
 14600 | D:10     | Learned a level 5 spell: Blade Hands
 14671 | D:10     | Reached ***** piety under Cheibriados
 14819 | D:10     | Found a staircase to the Orcish Mines.
 14958 | D:10     | Killed a two-headed ogre
 15237 | D:10     | Reached skill level 12 in Stealth
 15359 | D:11     | Noticed a two-headed ogre
 15568 | D:11     | Identified the ring of Hesk {rF++ Will+ EV+5 Int+3}
 16132 | Lair:1   | Entered Level 1 of the Lair of Beasts
 17555 | Lair:2   | Noticed a five-headed hydra
 17567 | Lair:2   | Killed a two-headed hydra
 17568 | Lair:2   | Reached skill level 5 in Shields
 17664 | Lair:2   | Noticed a skyshark
 17708 | Lair:2   | Killed a skyshark
 18055 | Lair:2   | Reached skill level 5 in Transmutations
 18369 | Lair:2   | Found a staircase to the Shoals.
 18377 | Lair:2   | Reached XP level 13. HP: 85/85 MP: 12/22
 19207 | Lair:2   | Found a staircase to the Snake Pit.
 19377 | Lair:3   | Reached ****** piety under Cheibriados
 19773 | Lair:3   | Noticed Gastronok
 19782 | Lair:3   | Killed Gastronok
 21204 | Lair:4   | Reached skill level 13 in Stealth
 21690 | Lair:4   | Learned a level 4 spell: Olgreb's Toxic Radiance
 22194 | Lair:4   | Reached skill level 1 in Poison Magic
 22665 | Lair:5   | Entered Level 5 of the Lair of Beasts
 22834 | Lair:4   | Reached XP level 14. HP: 54/92 MP: 19/24
 23211 | Lair:5   | Got the Octavo of the Escort and Shapes
 23382 | Lair:5   | Found a viscous altar of Jiyva.
 23383 | Lair:5   | Found a staircase to the Slime Pits.
 24988 | Orc:1    | Entered Level 1 of the Orcish Mines
 25182 | Orc:1    | Found Nehodgha's Self-Improvement Boutique.
 25756 | Orc:2    | Entered Level 2 of the Orcish Mines
 25766 | Orc:2    | Noticed Jorgrun
 25991 | Orc:2    | HP: 2/93 [Jorgrun/iron shot (51)]
 25991 | Orc:2    | Constricted to death by Jorgrun

Illustrated notes

Levels and vault maps discovered:
D:1:      noname_arrival_rooms_in_the_neighbourhood, layout_basic,
          chequers_ecumenical_altar_island
D:2:      layout_loops_ring, basic_altar, minmay_small_reverse_x
D:3:      layout_basic, mainiacjoe_overflow_tiny_flanked, uniq_terence,
          uniq_natasha
D:4:      layout_gridville, nicolae_underground_beach
D:5:      layout_loops_ring, grunt_temple_overflow_octagram, temple_doors_e,
          uniq_menkaure, uniq_pikel
D:6:      layout_loops_ring, uniq_maggie
D:7:      layout_basic, minmay_misc_feat_secret_circle
D:8:      layout_gridville
D:9:      layout_irregular_city, kennysheep_mini_moat, chequers_mini_garden,
          minmay_the_grid_2x2 [minmay_the_grid_large_cup, minmay_the_grid_mess,
          minmay_the_grid_rooms, minmay_the_grid_prize_four_corners_diamond_b],
          uniq_harold, uniq_erica
D:10:     cheibrodos_two_vegetables, layout_stronghold, dpeg_oklobed_lair,
          david_orc_4
D:11:     layout_stronghold, vehumet_crystals, uniq_snorg
Temple:   oiseaux_autumnal_temple
Lair:1:   beast_lair_carwin_large_2, layout_regular_city, disabler_island
Lair:2:   layout_hall_layers, nicolae_shoals_entry_roost,
          guppyfry_snake_entry_garden
Lair:3:   layout_chaotic_city, amcnicky_mini_pool_medium, grunt_megastairs_4,
          uniq_gastronok
Lair:4:   lemuel_reptile_caves, layout_small_grid, grunt_forest_stairs_basic,
          grunt_megastairs_2
Lair:5:   evilmike_catoblepas_cave, layout_hall_layers, slime_entry_1,
          gammafunk_lair_bear_cave, serial_bayou_shore_a
Orc:1:    layout_caves, hangedman_feature_mirror, nicolae_shop_self_help
Orc:2:    kennysheep_orc_mage_school, layout_caves, serial_shops,
          nicolae_shop_temple_entry_statues_fountains, uniq_jorgrun

Skill      XL: |  1  2  3  4  5  6  7  8  9 10 11 12 13 14 |
---------------+-------------------------------------------+-----
Stealth        | 1 2 3 4 5 6 7 8 10 11 12 13 | 13.5
Throwing       | 2 3 4 5 6 7 |  7.4
Dodging        | 3 4 5 6 7 |  7.8
Unarmed Combat | 3 4 5 6 7 |  7.9
Fighting       | 3 4 5 6 7 |  7.7
Spellcasting   | 3 4 5 6 7 |  7.2
Translocations | 4 5 6 7 8 |  8.1
Invocations    | 1 3 4 5 6 7 8 |  8.3
Evocations     | 1 3 4 5 6 7 8 |  8.5
Shields        | 2 3 4 5 6 |  6.7
Transmutations | 3 5 6 7 |  7.0
Poison Magic   | 1 4 |  4.5

Action                     |  1- 3 |  4- 6 |  7- 9 | 10-12 | 13-15 || total
---------------------------+-------+-------+-------+-------+-------++-------
  Melee: Unarmed           |    89 |   159 |   396 |   636 |   390 ||  1670
         Constrict         |    22 |    34 |    67 |    75 |    67 ||   265
         Tentacles         |    23 |    38 |   119 |   202 |   116 ||   498
         Punch             |     1 |     2 |    18 |    44 |    31 ||    96
         Scimitar          |       |       |       |     8 |     9 ||    17
  Throw: Dart              |       |     3 |    32 |    59 |     8 ||   102
         Stone             |       |       |    11 |    29 |    35 ||    75
         Boomerang         |       |       |       |    30 |       ||    30
   Cast: Lesser Beckoning  |       |       |    29 |    67 |    61 ||   157
         Teleport Other    |       |       |    12 |    46 |       ||    58
         Blink             |       |       |     3 |     4 |       ||     7
         Vhi's Electric Ch |       |       |       |     4 |     2 ||     6
         Passwall          |       |       |       |     5 |       ||     5
         Blade Hands       |       |       |       |     7 |    49 ||    56
 Invoke: Bend Time         |       |       |     1 |     3 |       ||     4
  Evoke: Wand              |       |       |       |     1 |       ||     1
    Use: Scroll            |       |     4 |     9 |    14 |     4 ||    31
         Potion            |       |       |     2 |     5 |       ||     7
   Stab: Sleeping          |     9 |    10 |     5 |     4 |     1 ||    29
         Invisible         |       |       |     4 |     3 |       ||     7
 Armour: Skin              |     6 |    16 |    26 |    49 |    29 ||   126
  Dodge: Dodged            |    42 |   106 |   270 |   580 |   415 ||  1413
  Block: Buckler           |       |       |    56 |   320 |    85 ||   461

Table legend: (Time is in decaauts)
 A = Elapsed time spent in this place.
 B = Non-inter-level travel time spent in this place.
 C = Inter-level travel time spent in this place.
 D = Time resting spent in this place.
 E = Time spent auto-exploring this place.
 F = Levels seen in this place.
 G = Mean time per level.
                   A        B        C        D        E       F      G
               +--------+--------+--------+--------+--------+-----+--------+
         Total |  33581 |  31092 |   2489 |   1513 |  24200 |  19 | 1767.4 |
       Dungeon |  19106 |  17598 |   1508 |    979 |  12953 |  11 | 1736.9 |
        Temple |    265 |    209 |     56 |      0 |    196 |   1 |  265.0 |
          Lair |  12642 |  11868 |    774 |    404 |   9931 |   5 | 2528.4 |
  Orcish Mines |   1568 |   1418 |    150 |    129 |   1120 |   2 |  784.0 |
               +--------+--------+--------+--------+--------+-----+--------+

Top non-repeatable levels by time:
     D:9: 3622 daAuts
    D:10: 3084 daAuts
  Lair:4: 3017 daAuts
  Lair:5: 2770 daAuts
     D:8: 2568 daAuts
  Lair:2: 2445 daAuts
  Lair:3: 2248 daAuts
  Lair:1: 2160 daAuts
     D:5: 1848 daAuts
     D:6: 1767 daAuts
   Orc:1: 1508 daAuts
    D:11: 1462 daAuts
     D:4: 1126 daAuts
     D:2: 926 daAuts
     D:7: 912 daAuts
